Map: Ulrena

Players

LilDicky - Winner!

  • Race: Terran Terran
  • League: Diamond

DarkZapo

  • Race: Zerg Zerg
  • League: Silver

VOD

http://www.twitch.tv/tumescentpie

Description

Time

  • Played on: Dec. 17, 2015, 8:25 p.m.
  • Length: 26:58
Show
View Real Time Build Order
Export as new Build Order

LilDicky Terran - Winner!

Build Orders:  

Get SALT Encoding   

  12  0:01  SCV  
  13  0:13  SCV  
  14  0:18  Supply Depot  
  14  0:26  SCV  
  15  0:40  SCV  
  16  0:53  Barracks  
  16  0:58  SCV  
  17  1:10  SCV  
  18  1:22  SCV  
  20  1:41  Command Center  
  20  1:42  Marine, Orbital Command  
  20  1:55  Refinery  
  20  1:56  Refinery  
  20  2:03  Marine  
  20  2:04  Bunker  
  22  2:08  SCV  
  21  2:20  SCV  
  21  2:22  Bunker  
  21  2:28  Marine  
  22  2:33  SCV  
  23  2:47  Factory  
  23  2:52  Marine  
  23  2:53  SCV, Supply Depot  
  23  2:54  Orbital Command  
  23  2:57  Refinery  
  25  3:05  SCV  
  26  3:16  Marine  
  26  3:17  SCV  
  26  3:19  Supply Depot  
  28  3:30  SCV  
  28  3:31  SCV  
  28  3:32  Factory Tech Lab  
  29  3:35  Starport  
  29  3:42  SCV  
  29  3:47  SCV  
  29  3:48  Marine  
  32  4:04  SCV  
  32  4:05  Marine  
  34  4:12  Supply Depot, SCV  
  35  4:18  Factory Tech Lab  
  35  4:19  Banshee, Cloaking Field  
  35  4:24  SCV  
  39  4:28  SCV  
  39  4:30  Engineering Bay  
  40  4:32  Marine  
  40  4:36  SCV  
  42  4:38  Supply Depot  
  42  4:40  SCV  
  43  4:48  SCV  
  43  4:52  Command Center, Marine  
  45  4:54  SCV  
  45  4:56  Siege Tank  
  49  5:01  SCV  
  49  5:04  Banshee  
  49  5:06  SCV  
  54  5:13  Supply Depot, SCV  
  55  5:15  Marine  
  56  5:34  SCV  
  56  5:35  SCV  
  55  5:47  SCV  
  55  5:48  Siege Tank  
  55  5:49  Banshee  
  62  5:51  Marine  
  62  5:52  Command Center, SCV  
  62  5:55  Refinery  
  64  6:00  SCV  
  64  6:01  Starport  
  64  6:02  Starport  
  64  6:04  SCV  
  66  6:34  SCV x2  
  66  6:39  Planetary Fortress  
  65  6:40  Missile Turret  
  65  6:42  Missile Turret  
  65  6:47  Missile Turret  
  65  6:48  Missile Turret  
  65  6:49  Starport Reactor x2  
  65  6:51  Missile Turret  
  65  6:52  Banshee  
  65  7:09  SCV x2  
  65  7:10  Command Center  
  65  7:12  Missile Turret  
  67  7:20  Engineering Bay  
  67  7:21  Command Center  
  67  7:22  SCV x2  
  69  7:23  SCV  
  69  7:28  Liberator  
  70  7:31  Orbital Command  
  70  7:35  Banshee  
  73  7:38  Missile Turret  
  73  7:44  Siege Tank, Missile Turret  
  76  7:46  Liberator x2  
  76  7:47  Missile Turret  
  76  7:48  Liberator  
  79  7:58  SCV x2, Refinery  
  81  7:59  Refinery, Hi-Sec Auto Tracking  
  87  8:09  SCV  
  87  8:10  SCV  
  87  8:11  Liberator x2  
  92  8:24  Hellion  
  92  8:25  Infernal Pre-Igniter  
  91  8:29  SCV x2  
  99  8:38  Command Center  
  99  8:50  Planetary Fortress  
  99  8:57  Command Center  
  99  9:01  Liberator x4  
  111  9:27  Missile Turret  
  111  9:28  Cyclone  
  114  9:34  Missile Turret  
  114  9:50  Missile Turret  
  112  9:54  Planetary Fortress  
  112  9:55  Starport  
  112  9:56  Starport  
  104  10:19  Missile Turret  
  104  10:20  Planetary Fortress  
  104  10:23  Missile Turret  
  104  10:30  Marine  
  104  10:33  Hellion  
  103  10:37  Starport Reactor x2  
  103  10:38  Starport Tech Lab  
  102  10:42  Refinery  
  102  10:44  Armory  
  102  10:45  Armory  
  102  10:47  Building Armor  
  102  10:48  Fusion Core  
  102  10:56  Missile Turret  
  102  11:01  Widow Mine  
  104  11:06  Factory  
  104  11:09  Factory  
  104  11:10  Factory  
  104  11:12  Planetary Fortress  
  104  11:35  SCV x3, Liberator x4  
  104  11:37  SCV x3  
  110  11:42  Command Center  
  110  11:44  Command Center  
  110  11:46  Command Center  
  110  11:47  SCV  
  110  11:53  Banshee  
  126  12:05  Missile Turret  
  126  12:06  Missile Turret  
  126  12:10  Terran Vehicle And Ship Armor Level 1, Terran Ship Weapons Level 1  
  126  12:14  Advanced Ballistics  
  126  12:18  Factory Reactor x2  
  126  12:19  Factory Reactor  
  126  12:26  Refinery  
  126  12:32  Missile Turret  
  126  12:33  Missile Turret  
  126  12:34  Refinery  
  126  12:36  Refinery  
  126  12:37  Viking x4  
  134  12:47  Widow Mine  
  134  12:50  Supply Depot  
  136  12:54  Supply Depot  
  136  12:57  Planetary Fortress, Supply Depot  
  136  13:01  Planetary Fortress  
  136  13:07  Command Center, Planetary Fortress  
  136  13:11  Command Center  
  136  13:12  Missile Turret  
  136  13:15  Widow Mine  
  136  13:16  Missile Turret  
  136  13:19  Missile Turret  
  138  13:23  Missile Turret  
  138  13:40  Viking x2  
  138  13:41  Viking x3  
  146  13:42  Viking x3  
  146  13:44  Widow Mine x3  
  146  13:45  Widow Mine x4  
  168  13:50  Drilling Claws  
  168  14:09  Missile Turret  
  168  14:10  Viking  
  168  14:12  Missile Turret, Widow Mine  
  172  14:25  Missile Turret  
  172  14:26  Missile Turret  
  166  14:54  Terran Ship Weapons Level 2, Terran Vehicle And Ship Armor Level 2  
  166  14:57  Viking x3  
  166  14:58  Viking  
  166  15:14  Liberator x3  
  166  15:17  Refinery  
  166  15:19  Orbital Command  
  160  15:21  Orbital Command  
  160  15:23  Refinery  
  156  15:32  Banshee x2  
  171  15:55  Viking x3  
  161  16:14  Banshee x2, Viking x3  
  173  16:29  Command Center  
  173  16:30  Missile Turret x2  
  173  16:32  Missile Turret  
  171  16:50  Command Center  
  171  16:57  Command Center, Banshee x2, Viking x4  
  171  16:58  Viking  
  187  17:07  Viking  
  189  17:11  Refinery  
  189  17:13  Refinery  
  189  17:18  Behemoth Reactor  
  189  17:22  Starport  
  189  17:24  Starport  
  189  17:27  Viking x2  
  189  17:29  Terran Vehicle And Ship Armor Level 3  
  193  17:43  Terran Ship Weapons Level 3  
  193  17:48  Planetary Fortress  
  193  17:49  Missile Turret  
  193  18:01  Missile Turret  
  189  18:15  Weapon Refit  
  189  18:26  SCV  
  180  19:19  Missile Turret  
  180  19:23  Missile Turret  
  180  19:24  Planetary Fortress  
  180  19:25  Planetary Fortress  
  180  19:28  Missile Turret  
  180  19:38  Missile Turret  
  180  19:47  Hyperflight Rotors  
  180  19:53  Starport Tech Lab x2  
  180  19:56  Mag-Field Accelerator  
  180  19:59  Hellion  
  190  20:00  Hellion x6  
  190  20:06  Terran Vehicle Weapons Level 1  
  194  20:08  Missile Turret  
  194  20:15  Refinery  
  194  20:21  Hellion x2  
  198  20:26  Missile Turret  
  198  20:27  Refinery  
  198  20:34  Command Center  
  198  20:37  Refinery  
  198  20:38  Refinery  
  184  21:34  Command Center  
  184  21:35  Missile Turret  
  184  21:48  Planetary Fortress  
  184  21:55  Command Center  
  184  21:58  Missile Turret  
  181  22:20  Raven  
  183  22:37  Missile Turret  
  178  23:32  Planetary Fortress  
  172  24:35  Command Center  
  172  24:38  Command Center  
  160  25:51  Planetary Fortress x2  
Show
View Real Time Build Order
Export as new Build Order

DarkZapo Zerg 

Build Orders: Pool First 

Get SALT Encoding   

  12  0:01  Drone  
  13  0:12  Drone  
  14  0:17  Overlord  
  14  0:35  Drone  
  14  0:36  Drone x2  
  17  0:47  Spawning Pool  
  16  1:08  Drone x2  
  18  1:28  Hatchery  
  18  1:29  Drone x2  
  18  1:32  Extractor  
  18  1:35  Queen  
  18  1:36  Extractor  
  19  1:41  Zergling x2  
  19  1:42  Zergling x2  
  21  1:51  Overlord  
  21  2:18  Zergling x4  
  21  2:21  Queen  
  25  2:32  Evolution Chamber  
  25  2:34  Drone  
  25  2:39  Metabolic Boost  
  25  2:46  Drone x3  
  28  3:03  Drone x5  
  33  3:27  Drone x3  
  34  3:29  Overlord  
  36  3:44  Baneling Nest  
  36  3:46  Queen  
  37  3:54  Zergling x4  
  37  3:55  Overlord x2  
  39  3:56  Zergling x6  
  42  4:03  Queen  
  44  4:24  Drone x3  
  44  4:29  Zerg Melee Weapons Level 1  
  47  4:34  Evolution Chamber  
  46  4:39  Drone  
  46  4:40  Drone x3  
  46  4:41  Zergling x4  
  46  4:42  Zergling x2  
  53  4:51  Lair  
  53  5:15  Zerg Ground Armor Level 1  
  53  5:31  Spore Crawler  
  53  5:34  Spore Crawler  
  53  5:35  Spore Crawler  
  48  5:43  Baneling x4  
  48  5:57  Drone, Spire  
  48  5:58  Drone x8  
  56  6:05  Hatchery  
  56  6:06  Spore Crawler  
  56  6:08  Spore Crawler  
  56  6:10  Spore Crawler  
  52  6:11  Queen  
  52  6:17  Overseer  
  50  6:33  Queen  
  52  6:45  Drone x5  
  57  6:50  Queen  
  57  6:53  Overlord x2  
  59  7:25  Mutalisk x3  
  59  7:26  Mutalisk x4  
  59  7:28  Overlord x2  
  73  7:40  Drone x2  
  73  7:41  Queen, Extractor  
  76  7:44  Spore Crawler  
  76  7:50  Spore Crawler  
  74  7:59  Mutalisk  
  76  8:07  Extractor  
  76  8:09  Drone x2  
  76  8:10  Drone x2, Extractor  
  76  8:12  Drone x3  
  81  8:28  Mutalisk x2  
  81  8:29  Zergling x4  
  81  8:30  Overlord, Zergling x4  
  81  8:31  Overlord, Zergling x2  
  81  8:32  Zergling x2  
  91  8:47  Zergling x12  
  95  9:15  Corruptor x3  
  95  9:25  Spore Crawler, Drone x3  
  96  9:53  Zergling x6  
  96  9:54  Overlord x3, Corruptor x3  
  105  10:03  Zergling x4  
  105  10:04  Zergling x4  
  73  10:27  Drone x2  
  73  10:28  Drone  
  74  10:40  Corruptor x4  
  82  10:47  Roach Warren, Drone  
  82  10:48  Queen  
  84  11:02  Infestation Pit  
  83  11:15  Zerg Missile Weapons Level 1  
  83  11:28  Roach x4  
  83  11:29  Roach x5  
  101  11:34  Hydralisk Den  
  101  11:36  Corruptor x2  
  104  11:44  Drone  
  105  12:11  Overlord x2, Roach x2  
  105  12:12  Overlord, Roach  
  105  12:13  Roach x5  
  121  12:20  Hive  
  121  12:26  Overlord x2  
  121  12:32  Extractor  
  120  12:41  Drone x3  
  120  12:42  Drone x6  
  120  12:43  Drone, Hydralisk x2  
  120  12:44  Hydralisk  
  136  13:28  Hydralisk x3  
  136  13:29  Hydralisk  
  136  13:30  Roach x2  
  136  13:31  Roach  
  150  13:34  Ultralisk Cavern  
  150  13:36  Greater Spire  
  150  13:38  Zerg Melee Weapons Level 2  
  150  13:39  Zerg Missile Weapons Level 2  
  149  14:00  Hatchery  
  148  14:08  Viper  
  151  14:10  Corruptor x2  
  151  14:14  Roach  
  151  14:15  Roach x2  
  161  14:37  Overlord x4  
  161  14:38  Overlord  
  153  14:57  Corruptor x3  
  153  14:58  Corruptor x2  
  153  14:59  Corruptor x2  
  148  16:05  Corruptor x2  
  148  16:07  Roach x2  
  148  16:08  Overlord x2  
  148  16:10  Brood Lord x3  
  162  16:13  Brood Lord  
  162  16:15  Drone x3  
  162  16:16  Queen  
  166  16:50  Brood Lord  
  168  16:55  Roach x5  
  168  16:56  Roach, Zergling x4  
  168  16:57  Corruptor x3, Zergling x2  
  189  17:04  Brood Lord  
  191  17:11  Zerg Ground Armor Level 2  
  191  17:34  Burrow  
  191  17:35  Drone  
  191  17:36  Drone  
  193  17:38  Extractor  
  192  18:01  Extractor  
  189  18:15  Overseer  
  120  18:41  Hydralisk x2  
  120  18:42  Hydralisk x3  
  120  18:43  Corruptor x6  
  98  18:56  Roach x6  
  94  19:22  Drone x3  
  94  19:23  Drone x8  
  94  19:24  Drone  
  106  19:50  Corruptor x3  
  112  19:54  Ultralisk  
  118  20:04  Chitinous Plating  
  118  20:38  Hatchery  
  113  21:13  Roach x2  
  113  21:14  Roach x5  
  113  21:15  Roach x2  
  131  21:32  Ultralisk x4  
  153  21:36  Roach x2  
  153  21:37  Roach x5  
  153  21:38  Roach  
  163  22:31  Roach x4  
  163  22:32  Roach x2  
  171  22:44  Brood Lord x3  
  171  22:45  Brood Lord  
  177  23:05  Hydralisk x5  
  183  23:23  Hatchery  
  168  23:32  Hatchery x2  
  140  23:40  Overseer  
  120  23:43  Roach x2  
  120  23:44  Roach x3  
  126  24:17  Zergling x4  
  126  24:18  Zergling x14  
  126  24:19  Zergling x6  
  126  24:21  Queen  
  140  24:39  Spore Crawler x2  
  140  24:41  Spine Crawler  
  140  24:43  Spore Crawler  
  140  24:44  Spine Crawler  
Tags
 
Add a new tag
Caveats
  • Supply blocks, unpowered buildings, or Contaminate may cause inaccurate times.
  • Supply counts are checked every 10 seconds.